ITL
AMARILLO ARCHDUKES @ ALLENTOWN HILLBILLIES
05/04/2025
 
TOP OF THE 1ST
Amarillo Archdukes batting - Pitching for Allentown Hillbillies : RHP Otis Sykes
Pitching: RHP Otis Sykes
Batting: RHB Miguel Hernández 0-0: Ball
1-0: SINGLE (Line Drive, 5D)
Batting: LHB Chris Pryor 0-0: Ball
1-0: Called Strike
1-1: Ball
2-1: Called Strike
2-2: SINGLE (Line Drive, 34)
Miguel Hernández to second
Runner from 2nd tries for 3rd, SAFE, no throw or cutoff
Batting: RHB Matt Richards 0-0: Foul Ball, location: 2F
0-1: Swinging Strike
0-2: Strikes out swinging
Batting: LHB Ethan Marshall 0-0: SINGLE (Line Drive, 78S)
Miguel Hernández scores
Chris Pryor to second
Batting: SHB Víctor Serrano 0-0: Ball
1-0: Swinging Strike
1-1: Grounds into double play, U4-3 (Groundball, 4)
Top of the 1st over - 1 run(s), 3 hit(s), 0 error(s), 1 left on base; Amarillo 1 - Allentown 0
BOTTOM OF THE 1ST
Allentown Hillbillies batting - Pitching for Amarillo Archdukes : RHP Bobby Lawrence
Pitching: RHP Bobby Lawrence
Batting: SHB Nate Rhodes 0-0: Ball
1-0: Swinging Strike
1-1: Ground out 4-3 (Groundball, 4M)
Batting: RHB Rubén Vázquez 0-0: Ball
1-0: Foul Ball, location: 2F
1-1: Ball
2-1: Ball
3-1: SINGLE (Groundball, 6M)
Batting: RHB Millard Stark 0-0: Ball
1-0: Called Strike
1-1: Ball
2-1: Swinging Strike
2-2: Foul Ball, location: 2F
2-2: Grounds into double play, 4-6-3 (Groundball, 4)
Bottom of the 1st over - 0 run(s), 1 hit(s), 0 error(s), 0 left on base; Amarillo 1 - Allentown 0
TOP OF THE 2ND
Amarillo Archdukes batting - Pitching for Allentown Hillbillies : RHP Otis Sykes
Batting: LHB Jorge Martínez 0-0: Called Strike
0-1: Ball
1-1: Ball
2-1: Ball
3-1: Called Strike
3-2: Foul Ball, location: 2F
3-2: SINGLE (Groundball, 34D)
Batting: RHB Ed Terry 0-0: Ball
1-0: DOUBLE (Line Drive, 7LM)
Jorge Martínez to third
Batting: RHB Dong-kwan Han 0-0: DOUBLE (Flyball, 89D)
Jorge Martínez scores
Ed Terry scores
Batting: SHB Chris Griffith 0-0: Called Strike
0-1: Called Strike
0-2: Foul Ball, location: 2F
0-2: Ball
1-2: Ball
2-2: Foul Ball, location: 2F
2-2: Foul Ball, location: 2F
2-2: Foul Ball, location: 2F
2-2: Strikes out swinging
Batting: RHB Miguel Hernández 0-0: Called Strike
0-1: Called Strike
0-2: Foul Ball, location: 2F
0-2: Strikes out looking
Batting: LHB Chris Pryor 0-0: Ball
1-0: Foul Ball, location: 2F
1-1: Ground out 4-3 (Groundball, 4)
Top of the 2nd over - 2 run(s), 3 hit(s), 0 error(s), 1 left on base; Amarillo 3 - Allentown 0
BOTTOM OF THE 2ND
Allentown Hillbillies batting - Pitching for Amarillo Archdukes : RHP Bobby Lawrence
Batting: LHB Taylor Smith 0-0: Ball
1-0: Called Strike
1-1: Ball
2-1: Ball
3-1: Called Strike
3-2: Ground out 6-3 (Groundball, 6M)
Batting: RHB Jimmy Simon 0-0: Ball
1-0: Ball
2-0: Called Strike
2-1: Swinging Strike
2-2: Strikes out swinging
Batting: RHB José Mora 0-0: Called Strike
0-1: Ball
1-1: Ball
2-1: Foul Ball, location: 2F
2-2: Strikes out looking
Bottom of the 2nd over - 0 run(s), 0 hit(s), 0 error(s), 0 left on base; Amarillo 3 - Allentown 0
TOP OF THE 3RD
Amarillo Archdukes batting - Pitching for Allentown Hillbillies : RHP Otis Sykes
Batting: RHB Matt Richards 0-0: Ball
1-0: Called Strike
1-1: Foul Ball, location: 2F
1-2: Fly out, F7 (Line Drive, 7S)
Batting: LHB Ethan Marshall 0-0: Ball
1-0: Ball
2-0: Ball
3-0: Called Strike
3-1: Called Strike
3-2: Foul Ball, location: 2F
3-2: Strikes out swinging
Batting: SHB Víctor Serrano 0-0: Foul Ball, location: 2F
0-1: Swinging Strike
0-2: Ball
1-2: Foul Ball, location: 2F
1-2: Ball
2-2: Ball
3-2: Fly out, F9 (Flyball, 9M)
Top of the 3rd over - 0 run(s), 0 hit(s), 0 error(s), 0 left on base; Amarillo 3 - Allentown 0
BOTTOM OF THE 3RD
Allentown Hillbillies batting - Pitching for Amarillo Archdukes : RHP Bobby Lawrence
Batting: LHB Fernando Ramos 0-0: Foul Ball, location: 2F
0-1: Called Strike
0-2: Ground out 4-3 (Groundball, 4M)
Batting: RHB Carl Brown 0-0: Ground out 5-3 (Groundball, 56)
Batting: RHB Tim Gardner 0-0: Ball
1-0: Swinging Strike
1-1: Fly out, F8 (Flyball, 8LM)
Bottom of the 3rd over - 0 run(s), 0 hit(s), 0 error(s), 0 left on base; Amarillo 3 - Allentown 0
TOP OF THE 4TH
Amarillo Archdukes batting - Pitching for Allentown Hillbillies : RHP Otis Sykes
Batting: LHB Jorge Martínez 0-0: Ball
1-0: Ball
2-0: Called Strike
2-1: Fly out, F8 (Flyball, 8LS)
Batting: RHB Ed Terry 0-0: Called Strike
0-1: Foul Ball, location: 2F
0-2: Ball
1-2: Ball
2-2: Foul Ball, location: 2F
2-2: Foul Ball, location: 2F
2-2: Foul Ball, location: 2F
2-2: Foul Ball, location: 2F
2-2: Ground out 1-3 (Groundball, 15)
Batting: RHB Dong-kwan Han 0-0: Ball
1-0: Swinging Strike
1-1: Swinging Strike
1-2: Foul Ball, location: 2F
1-2: Ball
2-2: Ball
3-2: Ground out 6-3 (Groundball, 6)
Top of the 4th over - 0 run(s), 0 hit(s), 0 error(s), 0 left on base; Amarillo 3 - Allentown 0
BOTTOM OF THE 4TH
Allentown Hillbillies batting - Pitching for Amarillo Archdukes : RHP Bobby Lawrence
Batting: SHB Nate Rhodes 0-0: Called Strike
0-1: Ball
1-1: Foul Ball, location: 2F
1-2: Ball
2-2: Strikes out swinging
Batting: RHB Rubén Vázquez 0-0: Ball
1-0: Bunted foul
1-1: Foul Ball, location: 2F
1-2: SINGLE (Line Drive, 78S)
Batting: RHB Millard Stark 0-0: Called Strike
0-1: Ball
1-1: Ball
2-1: Called Strike
2-2: Ball
3-2: Strikes out swinging
Batting: LHB Taylor Smith 0-0: Called Strike
Rubén Vázquez steals 2nd base
0-1: Ball
1-1: Foul Ball, location: 2F
1-2: Ball
2-2: Foul Ball, location: 2F
2-2: Fly out, F9 (Line Drive, 89S)
Bottom of the 4th over - 0 run(s), 1 hit(s), 0 error(s), 1 left on base; Amarillo 3 - Allentown 0
TOP OF THE 5TH
Amarillo Archdukes batting - Pitching for Allentown Hillbillies : RHP Otis Sykes
Batting: SHB Chris Griffith 0-0: Called Strike
0-1: Ball
1-1: Ball
2-1: Fly out, F7 (Flyball, 7S)
Batting: RHB Miguel Hernández 0-0: Ground out U3 (Groundball, 3)
Batting: LHB Chris Pryor 0-0: Ball
1-0: Ground out 1-3 (Groundball, 13S)
Top of the 5th over - 0 run(s), 0 hit(s), 0 error(s), 0 left on base; Amarillo 3 - Allentown 0
BOTTOM OF THE 5TH
Allentown Hillbillies batting - Pitching for Amarillo Archdukes : RHP Bobby Lawrence
Batting: RHB Jimmy Simon 0-0: Called Strike
0-1: Ball
1-1: Ground out 4-3 (Groundball, 4M)
Batting: RHB José Mora 0-0: Swinging Strike
0-1: Ball
1-1: Fly out, F8 (Flyball, 78D)
Batting: LHB Fernando Ramos 0-0: Called Strike
0-1: Foul Ball, location: 2F
0-2: Strikes out swinging
Bottom of the 5th over - 0 run(s), 0 hit(s), 0 error(s), 0 left on base; Amarillo 3 - Allentown 0
TOP OF THE 6TH
Amarillo Archdukes batting - Pitching for Allentown Hillbillies : RHP Otis Sykes
Batting: RHB Matt Richards 0-0: Ground out 6-3 (Groundball, 6)
Batting: LHB Ethan Marshall 0-0: Ball
1-0: Called Strike
1-1: Foul Ball, location: 2F
1-2: Ball
2-2: Ball
3-2: Foul Ball, location: 2F
3-2: Foul Ball, location: 2F
3-2: SINGLE (Groundball, 56D)
Batting: SHB Víctor Serrano 0-0: Called Strike
0-1: Ball
1-1: Foul Ball, location: 2F
1-2: Foul Ball, location: 2F
1-2: Foul Ball, location: 2F
1-2: Ball
2-2: Foul Ball, location: 2F
2-2: Foul Ball, location: 2F
2-2: Foul Ball, location: 2F
2-2: Foul Ball, location: 2F
2-2: Ball
Ethan Marshall steals 2nd base
3-2: Intentional Walk
Pitching: RHP Pepe Fernández
Batting: LHB Jorge Martínez 0-0: Called Strike
0-1: Ball
1-1: Called Strike
1-2: Foul Ball, location: 2F
1-2: Ball
2-2: Foul Ball, location: 2F
2-2: Foul Ball, location: 2F
2-2: Foul Ball, location: 2F
2-2: Foul Ball, location: 2F
2-2: Ground out U3 (Groundball, 3S)
Ethan Marshall to third
Víctor Serrano to second
Batting: RHB Ed Terry 0-0: SINGLE (Groundball, 56D)
Ethan Marshall scores
Víctor Serrano to third
Runner from 3rd tries for Home, SAFE, throw made home
Batting: RHB Dong-kwan Han 0-0: Ball
1-0: Ball
2-0: Ball
3-0: Called Strike
3-1: Base on Balls
Ed Terry to second
Batting: SHB Chris Griffith 0-0: Ball
1-0: Ball
2-0: Fly out, F7 (Line Drive, 78M)
Top of the 6th over - 2 run(s), 2 hit(s), 0 error(s), 2 left on base; Amarillo 5 - Allentown 0
BOTTOM OF THE 6TH
Allentown Hillbillies batting - Pitching for Amarillo Archdukes : RHP Bobby Lawrence
Batting: RHB Carl Brown 0-0: Ball
1-0: Ball
2-0: Foul Ball, location: 2F
2-1: Ball
3-1: Ground out 4-3 (Groundball, 4M)
Batting: RHB Tim Gardner 0-0: Called Strike
0-1: Swinging Strike
0-2: Strikes out swinging
Batting: SHB Nate Rhodes 0-0: Foul Ball, location: 2F
0-1: SINGLE (Line Drive, 89S)
Batting: RHB Rubén Vázquez 0-0: Ball
Nate Rhodes steals 2nd base
1-0: Called Strike
1-1: Swinging Strike
1-2: Strikes out looking
Bottom of the 6th over - 0 run(s), 1 hit(s), 0 error(s), 1 left on base; Amarillo 5 - Allentown 0
TOP OF THE 7TH
Amarillo Archdukes batting - Pitching for Allentown Hillbillies : RHP Pepe Fernández
Batting: RHB Miguel Hernández 0-0: Called Strike
0-1: Foul Ball, location: 2F
0-2: Ground out 4-3 (Groundball, 4M)
Batting: LHB Chris Pryor 0-0: Swinging Strike
0-1: Ball
1-1: Ball
2-1: Fly out, F8 (Flyball, 8LM)
Batting: RHB Matt Richards 0-0: Foul Ball, location: 2F
0-1: Foul Ball, location: 2F
0-2: Ball
1-2: Strikes out swinging
Top of the 7th over - 0 run(s), 0 hit(s), 0 error(s), 0 left on base; Amarillo 5 - Allentown 0
BOTTOM OF THE 7TH
Allentown Hillbillies batting - Pitching for Amarillo Archdukes : RHP Bobby Lawrence
Batting: RHB Millard Stark 0-0: Ground out 5-3 (Groundball, 56)
Batting: LHB Taylor Smith 0-0: Ball
1-0: Swinging Strike
1-1: Ground out 6-3 (Groundball, 6M)
Batting: RHB Jimmy Simon 0-0: Ball
1-0: Called Strike
1-1: Called Strike
1-2: Strikes out swinging
Bottom of the 7th over - 0 run(s), 0 hit(s), 0 error(s), 0 left on base; Amarillo 5 - Allentown 0
TOP OF THE 8TH
Amarillo Archdukes batting - Pitching for Allentown Hillbillies : RHP Pepe Fernández
Batting: LHB Ethan Marshall 0-0: Called Strike
0-1: Ball
1-1: SINGLE (Groundball, 34D)
Batting: SHB Víctor Serrano 0-0: Ball
1-0: Ball
2-0: Ball
3-0: Called Strike
3-1: Fly out, F1 (Line Drive, 15)
Pitching: RHP Drew Schaefer
Batting: LHB Jorge Martínez 0-0: SINGLE (Flyball, 6MD)
Ethan Marshall to second
Batting: RHB Ed Terry 0-0: Ball
1-0: SINGLE (Groundball, 6MD)
Ethan Marshall to third
Jorge Martínez to second
Runner from 3rd tries for Home, SAFE, no throw or cutoff
Batting: RHB Dong-kwan Han 0-0: Ball
1-0: SINGLE (Groundball, 5D)
Jorge Martínez to third
Ed Terry to second
Batting: SHB Chris Griffith 0-0: Called Strike
0-1: Called Strike
0-2: Foul Ball, location: 2F
0-2: Ball
1-2: Fly out, F7 (Popup, 6MD)
Batting: RHB Miguel Hernández 0-0: Ball
1-0: Foul Ball, location: 2F
1-1: Swinging Strike
1-2: Ball
2-2: Strikes out looking
Top of the 8th over - 1 run(s), 4 hit(s), 0 error(s), 3 left on base; Amarillo 6 - Allentown 0
BOTTOM OF THE 8TH
Allentown Hillbillies batting - Pitching for Amarillo Archdukes : RHP Bobby Lawrence
Batting: RHB José Mora 0-0: Ball
1-0: Swinging Strike
1-1: Called Strike
1-2: Strikes out swinging
Batting: LHB Fernando Ramos 0-0: Ball
1-0: Ball
2-0: Ball
3-0: Called Strike
3-1: Foul Ball, location: 2F
3-2: Strikes out swinging
Batting: RHB Carl Brown 0-0: Ball
1-0: Ball
2-0: Called Strike
2-1: Called Strike
2-2: Ground out 5-3 (Groundball, 56S)
Bottom of the 8th over - 0 run(s), 0 hit(s), 0 error(s), 0 left on base; Amarillo 6 - Allentown 0
TOP OF THE 9TH
Amarillo Archdukes batting - Pitching for Allentown Hillbillies : RHP Drew Schaefer
Batting: LHB Chris Pryor 0-0: Ball
1-0: Ground out 6-3 (Groundball, 6)
Batting: RHB Matt Richards 0-0: Called Strike
0-1: Foul Ball, location: 2F
0-2: Strikes out looking
Batting: LHB Ethan Marshall 0-0: Ball
1-0: Called Strike
1-1: Called Strike
1-2: Foul Ball, location: 2F
1-2: Ball
2-2: Strikes out looking
Top of the 9th over - 0 run(s), 0 hit(s), 0 error(s), 0 left on base; Amarillo 6 - Allentown 0
BOTTOM OF THE 9TH
Allentown Hillbillies batting - Pitching for Amarillo Archdukes : RHP Bobby Lawrence
Pitching: RHP Frederick Kern
Batting: RHB Tim Gardner 0-0: Ball
1-0: Foul Ball, location: 2F
1-1: Ball
2-1: Ball
3-1: Fly out, F8 (Line Drive, 8LM)
Batting: SHB Nate Rhodes 0-0: Ball
1-0: Ball
2-0: Foul Ball, location: 2F
2-1: Swinging Strike
2-2: Ball
3-2: Base on Balls
Batting: RHB Rubén Vázquez 0-0: Called Strike
0-1: Swinging Strike
0-2: Foul Ball, location: 2F
0-2: Strikes out swinging
Batting: RHB Millard Stark 0-0: Ground out 2-3 (Groundball, 25)
Bottom of the 9th over - 0 run(s), 0 hit(s), 0 error(s), 1 left on base; Amarillo 6 - Allentown 0
This league is powered by Out of the Park Baseball, the baseball management simulation game for PC, Mac and Linux
Tuesday, August 2nd, 2016 - OOTP Baseball 16.8 Build 38